 Dungeon Crawl Stone Soup version 0.17-a0-755-g4391640 (console) character file.

81 sose the Chiller (level 4, 0/21 HPs)
             Began as a Vine Stalker Ice Elementalist on Apr 22, 2015.
             Succumbed to an orc's poison
             ... on level 2 of the Dungeon.
             The game lasted 00:04:01 (1827 turns).

sose the Chiller (Vine Stalker Ice Elementalist)    Turns: 1827, Time: 00:04:01

Health: 0/21       AC:  3    Str: 11    XL:     4   Next: 42%
Magic:  0/8        EV: 12    Int: 16    God:
Gold:   71         SH:  0    Dex: 14    Spells: 3 memorised, 1 level left

rFire  . . .     SeeInvis .     g - +1 dagger
rCold  . . .     Clarity  .     a - +0 robe
rNeg   . . .     SustAb   .     (no shield)
rPois  .         Gourm    .     (no helmet)
rElec  .         Spirit   +     (no cloak)
rCorr  .         Warding  .     (no gloves)
rMut   .         Stasis   .     (no boots)
MR     .....                    k - amulet of inaccuracy (curse)
Stlth  ++........               (no ring)
                                (no ring)

@: lethally poisoned (0 -> -15), not resistant to hostile enchantments,
unstealthy
A: fangs 2, regeneration 1, shaggy fur 1, magic shield, antimagic bite, no
device heal 3, rot immunity
a: no special abilities


You were on level 2 of the Dungeon.
You were hungry.

You visited 1 branch of the dungeon, and saw 3 of its levels.

You collected 71 gold pieces.

Inventory:

Hand weapons
 g - a +1 dagger (weapon)
Armour
 a - a +0 robe (worn)
Jewellery
 k - a cursed amulet of inaccuracy (around neck)
Scrolls
 h - 4 scrolls of remove curse {unknown}
Potions
 e - 2 potions of might {unknown}
 f - a potion of agility {unknown}
 l - a potion of resistance {unknown}
Books
 b - a book of Frost

   Spells                             Type                      Level
   a - Freeze                         Ice                          1
   b - Throw Frost                    Conjuration/Ice              2
   c - Ozocubu's Armour               Charms/Ice                   3
   d - Throw Icicle                   Conjuration/Ice              4
   e - Summon Ice Beast               Ice/Summoning                4
   f - Condensation Shield            Ice                          4
Comestibles
 c - 2 bread rations
 d - 2 meat rations
 j - 2 royal jellies
 m - a beef jerky


   Skills:
 + Level 2.0 Short Blades
 - Level 1.5 Dodging
 - Level 3.2 Stealth
 - Level 2.1 Spellcasting
 - Level 1.0 Conjurations
 + Level 4.0 Ice Magic


You had one spell level left.
You knew the following spells:

 Your Spells              Type           Power        Failure   Level  Hunger
a - Freeze                Ice            ##..         4%          1    #......
b - Throw Frost           Conj/Ice       #.....       12%         2    ###....
c - Ozocubu's Armour      Chrm/Ice       #.......     28%         3    ###....


Dungeon Overview and Level Annotations

Branches:
Dungeon (3/15)

Altars:


Innate Abilities, Weirdness & Mutations

You have extremely sharp teeth.
Your natural rate of healing is unusually fast.
You are covered in fur (AC +1).
When hurt, damage is shared between your health and your magic reserves.
Your bite disrupts and absorbs the magic of your enemies.
Potions and wands cannot restore your health.
You are immune to rotting.


Message History

The adder poisons you!
You miss the adder. Your bite misses the adder.
The adder is severely wounded.
You feel sick. The adder bites you.
Casting: Freeze
Confirm with . or Enter, or press ? or * to list all spells.
Aiming: Freeze
Press: ? - help, Shift-Dir - straight line, f/p - adder
Aim: an adder (severely wounded)
You freeze the adder.
You kill the adder!
Your Short Blades skill increases to level 2!
You feel sick.
There is a stone staircase leading up here.
You feel sick.
The orc hits you with a short sword of venom.
* * * LOW HITPOINT WARNING * * *
You are more poisoned.
You climb upwards.
You die...

#.##........# #.#
#.###.#####.# #.#
#.# #.# #.# #.# #.#
#.# #.# #(# #.# #.#
#.#####.. #.#
#.#####.#.....# #.#
#............##
#o#####.......###.#
#.@................
#######.###.######.
##.###.# #.
#.....[# #.
#..##########. #..#
#..... #..## #.####
#...# #.# #.#.# #.#


You could see an orc.

Vanquished Creatures
  Jessica (D:2)
  2 adders
  2 worms
  A giant cockroach (D:2)
  3 hobgoblins
  6 jackals
  2 bats (D:2)
  2 giant newts (D:1)
  6 goblins
  2 kobolds (D:2)
  5 rats
32 creatures vanquished.

Notes
Turn   | Place    | Note
--------------------------------------------------------------
     0 | D:1      | sose, the Vine Stalker Ice Elementalist, began the quest for the Orb.
     0 | D:1      | Reached XP level 1. HP: 9/9 MP: 4/4
   182 | D:1      | Reached XP level 2. HP: 11/13 MP: 6/6
  1282 | D:2      | Reached skill level 1 in Short Blades
  1282 | D:2      | Reached XP level 3. HP: 3/16 MP: 1/7
  1336 | D:2      | Learned a level 2 spell: Throw Frost
  1340 | D:2      | Learned a level 3 spell: Ozocubu's Armour
  1541 | D:2      | Noticed Jessica
  1545 | D:2      | Killed Jessica
  1688 | D:2      | Reached XP level 4. HP: 21/21 MP: 8/8
  1813 | D:3      | Reached skill level 4 in Ice Magic
  1827 | D:2      | Succumbed to an orc's poison

Action                   |  1- 3 |  4- 6 || total
-------------------------+-------+-------++-------
Melee: Unarmed           |    25 |       ||    25
       Dagger            |    54 |    16 ||    70
 Cast: Freeze            |    23 |    10 ||    33
       Throw Frost       |     1 |       ||     1
  Use: Scroll            |     4 |       ||     4
 Stab: Distracted        |     1 |       ||     1
       Sleeping          |     2 |       ||     2
  Eat: Chunk             |     2 |     1 ||     3
